[Event "Titled Tuesday Blitz June 07 Early 2022"]
[White "Adla, Diego"]
[Black "Tanenbaum, Zachary"]
[WhiteFideId "100072"]
[BlackFideId "2060850"]
[WhiteElo "2377"]
[BlackElo "2175"]
[Result "0-1"]
[Round "11"]
[TimeControl "180+1"]
[Date "2022.06.07"]
[WhiteClock "0:00:20"]
[BlackClock "0:00:06"]

1. c4 e5 2. Nc3 Nf6 3. Nf3 Nc6 4. e4 Bb4 5. d3 d6 6. Be2 Bg4 7. O-O Bxf3 8. Bxf3 O-O 9. a3 Bc5 10. b4 Bd4 11. Bd2 a5 12. b5 Ne7 13. g3 c6 14. bxc6 bxc6 15. Bg2 Rb8 16. Rb1 Qc7 17. Qa4 Ng4 18. Rxb8 Rxb8 19. h3 Nxf2 20. Rxf2 Rb2 21. Be1 Rxf2 22. Bxf2 Bxc3 23. c5 dxc5 24. Bxc5 Qd7 25. Bxe7 Qxe7 26. Qxc6 Bd4+ 27. Kh2 h5 28. Qa8+ Kh7 29. Qxa5 h4 30. Qe1 Qxa3 31. Qf1 hxg3+ 32. Kxg3 Qe7 33. Qf5+ g6 34. Qg4 Kg7 35. h4 Qf6 36. Bf3 Be3 37. h5 Bf4+ 38. Kh3 Qd6 39. hxg6 fxg6 40. Be2 Qd4 41. Kg2 Qe3 42. Qd7+ Kf6 43. Qd8+ Kf7 44. Qd7+ Kf8 45. Qd8+ Kf7 46. Qd7+ Kf8 47. Qg4 Kg7 48. Kf1 Qc1+ 49. Bd1 Qc7 50. Qe6 Qd8 51. Bb3 Qxd3+ 52. Kg2 Qg3+ 53. Kf1 Qf3+ 54. Ke1 Qxe4+ 55. Kd1 Qd3+ 56. Ke1 Bg3# 0-1


[Site "https://www.chess.com"]

[Event "Titled Tuesday Blitz June 07 Early 2022"]
[White "Ajay Krishna, S"]
[Black "Atakhan, Abtin"]
[WhiteFideId "5096430"]
[BlackFideId "22502203"]
[WhiteElo "2247"]
[BlackElo "2087"]
[Result "0-1"]
[Round "11"]
[TimeControl "180+1"]
[Date "2022.06.07"]
[WhiteClock "0:00:18"]
[BlackClock "0:00:46"]

1. d4 d5 2. c4 c6 3. e3 Nf6 4. Nc3 a6 5. Nf3 Bf5 6. Bd3 Bg6 7. O-O e6 8. Qe2 Bb4 9. Bd2 Bxd3 10. Qxd3 O-O 11. Nxd5 Nxd5 12. cxd5 Bxd2 13. Nxd2 exd5 14. b4 Nd7 15. a4 Nb6 16. b5 cxb5 17. axb5 a5 18. Nb3 Nc4 19. e4 b6 20. Rfc1 Rc8 21. Rc2 dxe4 22. Qxe4 Nd6 23. Qd3 Rxc2 24. Qxc2 Nxb5 25. Qc4 Qd7 26. h3 Rc8 27. Qa4 Qd5 28. Re1 h6 29. Re5 Nc3 30. Rxd5 Nxa4 31. Rb5 Kf8 32. d5 Ke7 33. Nd4 Rc5 34. Nf5+ Kf6 35. Rxc5 Nxc5 36. Nd6 Ke5 37. Nc4+ Kxd5 38. Nxb6+ Kd4 39. Kf1 a4 40. Nxa4 Nxa4 41. Ke2 Ke4 42. f3+ Kf5 43. Kf2 Nc3 44. g3 g5 45. Ke3 Nd1+ 46. Ke2 Nc3+ 47. Ke3 Nd5+ 48. Kd4 Nf6 49. Ke3 Nd7 50. Kd4 h5 51. Ke3 h4 52. gxh4 gxh4 53. f4 Nc5 54. Kf3 Ne6 55. Kg2 Kxf4 56. Kh2 Kf3 57. Kh1 Kg3 58. Kg1 Kxh3 59. Kh1 Kg3 60. Kg1 h3 61. Kh1 Nc5 62. Kg1 Ne4 63. Kh1 f6 64. Kg1 h2+ 0-1


[Site "https://www.chess.com"]

[Event "Titled Tuesday Blitz June 07 Early 2022"]
[White "Andreikin, Dmitry"]
[Black "Durarbayli, Vasif"]
[WhiteFideId "4158814"]
[BlackFideId "13402935"]
[WhiteElo "2736"]
[BlackElo "2528"]
[Result "1-0"]
[Round "11"]
[TimeControl "180+1"]
[Date "2022.06.07"]
[WhiteClock "0:00:05"]
[BlackClock "0:00:01"]

1. d4 Nf6 2. Bg5 d5 3. Nd2 c5 4. dxc5 Qa5 5. Nf3 Nbd7 6. e3 Ne4 7. Bh4 e6 8. Be2 Bxc5 9. O-O Nxd2 10. Nxd2 Qc7 11. c4 O-O 12. cxd5 exd5 13. Rc1 Qe5 14. Nb3 Bb6 15. Qd2 Nf6 16. Rfd1 Rd8 17. Nd4 Ne4 18. Qc2 f6 19. Bf3 Bd7 20. Qb3 Kh8 21. Bxe4 dxe4 22. Bg3 Qe7 23. Bc7 Rdc8 24. Bxb6 axb6 25. Qxb6 Rxc1 26. Rxc1 Rxa2 27. Qxb7 h6 28. h4 Qd6 29. h5 f5 30. g3 f4 31. gxf4 Qe7 32. Qb3 Ra5 33. Rc7 Rxh5 34. Qb7 Qh4 35. Qa8+ Kh7 36. Qxe4+ Kh8 37. Rxd7 Qh2+ 38. Kf1 Qh3+ 39. Ke2 Qxd7 40. b4 Rd5 41. b5 Rc5 42. Qa8+ Kh7 43. Qe4+ Kh8 44. f5 Rc8 45. Nc6 Re8 46. Qd3 Qf7 47. b6 Qb7 48. Qb5 Rc8 49. Na5 Rc2+ 50. Kd3 Qc8 51. b7 Qc3+ 52. Ke4 1-0


[Site "https://www.chess.com"]

[Event "Titled Tuesday Blitz June 07 Early 2022"]
[White "Bringas Gomez, Artai"]
[Black "Jaferian, Koosha"]
[WhiteFideId "24534064"]
[BlackFideId "12507440"]
[WhiteElo "1988"]
[BlackElo "2030"]
[Result "1/2-1/2"]
[Round "11"]
[TimeControl "180+1"]
[Date "2022.06.07"]
[WhiteClock "0:00:20"]
[BlackClock "0:00:04"]

1. d4 Nf6 2. c4 e6 3. Nf3 b6 4. g3 Ba6 5. b3 Bb4+ 6. Bd2 Be7 7. Bg2 c6 8. O-O d5 9. Qc2 Nbd7 10. Rd1 O-O 11. Bf4 Rc8 12. Nbd2 c5 13. dxc5 Bxc5 14. Qb2 Qe7 15. a4 Rfd8 16. a5 Bb7 17. axb6 Bxb6 18. Ne5 Nxe5 19. Bxe5 Ng4 20. Bd4 dxc4 21. Nxc4 Bxg2 22. Nxb6 axb6 23. Kxg2 e5 24. Bc3 Qc5 25. Be1 Qc6+ 26. Kg1 h5 27. h3 Nf6 28. Rxd8+ Rxd8 29. Rc1 Qe4 30. Rc4 Qf5 31. Qc2 Qxh3 32. Rh4 Qe6 33. Bc3 Rc8 34. Qb2 Rc5 35. b4 Rd5 36. e4 Rd1+ 37. Kg2 Qc4 38. Bxe5 Qf1+ 39. Kf3 Rd3+ 40. Kf4 Qg2 41. Qe2 Rd8 42. Bxf6 gxf6 43. Rxh5 Rd7 44. Qg4+ Kf8 45. Qxd7 Qxf2+ 46. Kg4 Qe2+ 47. Kh4 Qh2+ 48. Qh3 Qe2 49. Rh8+ Ke7 50. Rc8 Qxe4+ 51. Kh5 Qh7+ 52. Kg4 Qe4+ 53. Kh5 Qh7+ 54. Kg4 Qe4+ 55. Kh5 1/2-1/2


[Site "https://www.chess.com"]

[Event "Titled Tuesday Blitz June 07 Early 2022"]
[White "Chigaev, Maksim"]
[Black "Bortnyk, Olexandr"]
[WhiteFideId "4108116"]
[BlackFideId "14120828"]
[WhiteElo "2457"]
[BlackElo "2723"]
[Result "1-0"]
[Round "11"]
[TimeControl "180+1"]
[Date "2022.06.07"]
[WhiteClock "0:00:15"]
[BlackClock "0:00:15"]

1. d4 d6 2. e4 Nf6 3. Nc3 e5 4. Nf3 Nbd7 5. Rg1 g6 6. g4 Bg7 7. Be3 h5 8. h3 hxg4 9. hxg4 c6 10. g5 Nh5 11. Qd2 Qa5 12. O-O-O O-O 13. Kb1 b5 14. dxe5 b4 15. Ne2 Nxe5 16. Nxe5 Be6 17. Nc1 dxe5 18. Nb3 Qa4 19. Qd6 Nf4 20. Qc5 Rfd8 21. Bc4 Nh3 22. Bxe6 Nxg1 23. Bxf7+ Kxf7 24. Qc4+ Rd5 25. exd5 Qb5 26. Qxb5 cxb5 27. Rxg1 a5 28. Rd1 e4 29. Nc5 a4 30. d6 Bf8 31. d7 Be7 32. Nb7 Ke6 33. d8=Q Bxd8 34. Nxd8+ Kf5 35. Nc6 b3 36. cxb3 axb3 37. axb3 Kg4 38. Ne5+ Kf5 39. Nc6 Kg4 40. Rc1 Rh8 41. Nd4 b4 42. Nc6 Kf3 43. Nxb4 Ke2 44. Nd5 Rb8 45. Nc3+ Kf3 46. Kc2 Kg2 47. Nxe4 Kf3 48. Nc3 Kg2 49. Rd1 Rc8 50. b4 Rb8 51. b5 Rc8 52. b6 Rb8 53. Rd7 Kf3 54. b7 Rh8 55. Ba7 Kg2 56. b8=Q 1-0


[Site "https://www.chess.com"]

[Event "Titled Tuesday Blitz June 07 Early 2022"]
[White "Costachi, Mihnea"]
[Black "Howell, David W L"]
[WhiteFideId "1217518"]
[BlackFideId "410608"]
[WhiteElo "2476"]
[BlackElo "2559"]
[Result "0-1"]
[Round "11"]
[TimeControl "180+1"]
[Date "2022.06.07"]
[WhiteClock "0:00:57"]
[BlackClock "0:00:54"]

1. d4 f5 2. Bg5 g6 3. e3 Bg7 4. c4 Nf6 5. Nc3 O-O 6. Nf3 d6 7. Be2 Nbd7 8. d5 Nc5 9. Nd4 Nfe4 10. Nxe4 Nxe4 11. Bh4 c5 12. dxc6 Qa5+ 13. Kf1 g5 14. Bg3 bxc6 15. Nxc6 Qc7 16. Qd5+ Kh8 17. Nd4 Bb7 18. Qb5 Bxd4 19. exd4 f4 20. d5 fxg3 21. f3 Rab8 22. Ke1 Nc5 23. Qb4 e5 24. dxe6 Qg7 25. hxg3 Bxf3 26. Qd2 Rxb2 27. Qxd6 Rxe2+ 28. Kd1 Qxa1# 0-1


[Site "https://www.chess.com"]

[Event "Titled Tuesday Blitz June 07 Early 2022"]
[White "Daneshvar, Bardiya"]
[Black "Martinez Alcantara, Jose Eduardo"]
[WhiteFideId "12576468"]
[BlackFideId "3805662"]
[WhiteElo "2303"]
[BlackElo "2703"]
[Result "0-1"]
[Round "11"]
[TimeControl "180+1"]
[Date "2022.06.07"]
[WhiteClock "0:00:31"]
[BlackClock "0:01:10"]

1. d4 Nf6 2. c4 e6 3. Nf3 Bb4+ 4. Nbd2 b6 5. a3 Bxd2+ 6. Bxd2 Bb7 7. e3 O-O 8. Bd3 Ne4 9. Qc2 f5 10. Bc3 d6 11. Nd2 Nxd2 12. Kxd2 Nd7 13. f3 Qg5 14. Rag1 c5 15. b4 cxd4 16. Bxd4 e5 17. Bb2 e4 18. Be2 f4 19. Qc3 Ne5 20. fxe4 Rac8 21. Qd4 fxe3+ 22. Kc1 Rf2 23. Bd3 Rd2 0-1


[Site "https://www.chess.com"]

[Event "Titled Tuesday Blitz June 07 Early 2022"]
[White "Gormally, Daniel W"]
[Black "Ambartsumova, Karina"]
[WhiteFideId "406465"]
[BlackFideId "4166299"]
[WhiteElo "2543"]
[BlackElo "2262"]
[Result "1-0"]
[Round "11"]
[TimeControl "180+1"]
[Date "2022.06.07"]
[WhiteClock "0:00:38"]
[BlackClock "0:00:17"]

1. e4 e5 2. Nf3 Nc6 3. Bb5 a6 4. Ba4 Nf6 5. O-O Be7 6. Re1 b5 7. Bb3 O-O 8. a4 d5 9. axb5 dxe4 10. bxc6 exf3 11. Qxf3 e4 12. Qc3 Bd6 13. h3 Bf5 14. d4 exd3 15. cxd3 Bxd3 16. Bg5 Bxb1 17. Raxb1 Ne4 18. Bxd8 Nxc3 19. Bxc7 Nxb1 20. Bxd6 Rfd8 21. Bf4 Nd2 22. Ba2 Nc4 23. Bxc4 Rd4 24. Bxa6 Rxf4 25. c7 Rb4 26. Rd1 Rbb8 27. cxb8=Q+ Rxb8 28. Rc1 Kf8 29. Rc8+ Rxc8 30. Bxc8 Ke7 31. Ba6 Kd6 32. Bc4 f6 33. b3 Kc5 34. g3 h6 35. Kg2 g5 36. Kf3 Kd4 37. Kg4 1-0


[Site "https://www.chess.com"]

[Event "Titled Tuesday Blitz June 07 Early 2022"]
[White "Gunina, Valentina"]
[Black "Demchenko, Anton"]
[WhiteFideId "4167570"]
[BlackFideId "4160258"]
[WhiteElo "2386"]
[BlackElo "2539"]
[Result "0-1"]
[Round "11"]
[TimeControl "180+1"]
[Date "2022.06.07"]
[WhiteClock "0:00:19"]
[BlackClock "0:00:19"]

1. d4 Nf6 2. c4 d6 3. Nc3 e5 4. Nf3 Nc6 5. e3 Be7 6. Be2 O-O 7. O-O Re8 8. b3 h6 9. Bb2 Bf5 10. Nd5 e4 11. Nxe7+ Nxe7 12. Nd2 d5 13. b4 Ng6 14. b5 Qd7 15. Qb3 Bg4 16. Bxg4 Qxg4 17. f3 exf3 18. Rxf3 Nh4 19. Rf2 Qg5 20. Re1 Ng4 21. Rfe2 Rxe3 22. Rxe3 Nxe3 23. g3 Nxc4 24. Nxc4 dxc4 25. Qc3 Ng6 26. d5 Nh4 27. Re4 Nf5 28. Rf4 Nd6 29. Qf3 h5 30. h4 Qg6 31. Be5 Re8 32. Bxd6 cxd6 33. Rxc4 Qb1+ 0-1


[Site "https://www.chess.com"]

[Event "Titled Tuesday Blitz June 07 Early 2022"]
[White "Hambleton, Aman"]
[Black "Uskov, Artem"]
[WhiteFideId "2606577"]
[BlackFideId "34254854"]
[WhiteElo "2552"]
[BlackElo "2335"]
[Result "1-0"]
[Round "11"]
[TimeControl "180+1"]
[Date "2022.06.07"]
[WhiteClock "0:00:04"]
[BlackClock "0:01:15"]

1. b3 Nf6 2. Bb2 g6 3. Nf3 Bg7 4. c4 O-O 5. e3 d6 6. Nc3 Nbd7 7. Be2 c5 8. d4 a6 9. O-O Rb8 10. Re1 Ne8 11. Qc2 Nc7 12. a4 b6 13. Rad1 Bb7 14. h3 e6 15. Ne4 Bxe4 16. Qxe4 Qe7 17. Qc2 Rfc8 18. Bf1 b5 19. a5 d5 20. dxc5 Bxb2 21. Qxb2 bxc4 22. c6 Nc5 23. Ne5 Nxb3 24. Ng4 d4 25. Bxc4 h5 26. Ne5 Nxa5 27. Qxd4 Nxc4 28. Nxc4 Nd5 29. Ne5 Rb4 30. Qa1 Rb6 31. e4 Nb4 32. Nd7 Rbxc6 33. Nf6+ Kf8 34. Nh7+ Kg8 35. Nf6+ Kf8 36. Nd5 e5 37. Nxe7 Nc2 38. Qxe5 Re6 39. Qh8+ Kxe7 40. Qxc8 Nxe1 41. Qd8# 1-0


[Site "https://www.chess.com"]

[Event "Titled Tuesday Blitz June 07 Early 2022"]
[White "Hua, Lefong"]
[Black "Yuan, Qingyu"]
[WhiteFideId "2602253"]
[BlackFideId "8609772"]
[WhiteElo "2638"]
[BlackElo "2359"]
[Result "0-1"]
[Round "11"]
[TimeControl "180+1"]
[Date "2022.06.07"]
[WhiteClock "0:00:26"]
[BlackClock "0:00:09"]

1. d4 d5 2. c4 e6 3. Nc3 Nf6 4. cxd5 exd5 5. Bg5 c6 6. e3 h6 7. Bh4 Be7 8. Bd3 O-O 9. Qc2 Re8 10. Nge2 Nbd7 11. O-O a5 12. f3 b5 13. a3 Ba6 14. Bf2 Qb6 15. h3 c5 16. dxc5 Bxc5 17. Nd4 Rac8 18. Qd2 Ne5 19. Bxb5 Nc4 20. Bxc4 Bxc4 21. Rfe1 Qb7 22. Rab1 Nd7 23. b4 axb4 24. Na4 b3 25. Nxc5 Nxc5 26. Nf5 Qd7 27. g4 Bd3 28. Rb2 Bxf5 29. gxf5 Qxf5 30. Rd1 Qxf3 31. Qxd5 Qxh3 32. Rd4 Re6 33. Be1 Rg6+ 34. Kf2 Qh2+ 35. Kf3 Qxb2 0-1


[Site "https://www.chess.com"]

[Event "Titled Tuesday Blitz June 07 Early 2022"]
[White "Jeet, Jain"]
[Black "Bryakin, Mikhail"]
[WhiteFideId "5073022"]
[BlackFideId "4165314"]
[WhiteElo "2055"]
[BlackElo "2417"]
[Result "1/2-1/2"]
[Round "11"]
[TimeControl "180+1"]
[Date "2022.06.07"]
[WhiteClock "0:00:04"]
[BlackClock "0:00:07"]

1. Nf3 g6 2. d4 Bg7 3. b3 d6 4. Bb2 c5 5. e3 cxd4 6. Bxd4 Nf6 7. c4 Nc6 8. Bb2 Qa5+ 9. Qd2 Qxd2+ 10. Nbxd2 Bf5 11. a3 Rc8 12. h3 h5 13. Be2 O-O 14. O-O Rfd8 15. Nh4 Be6 16. e4 Nd7 17. Bxg7 Kxg7 18. Nhf3 Nde5 19. Rac1 a5 20. Rfd1 f6 21. Bf1 g5 22. Nxe5 dxe5 23. Nb1 Nd4 24. b4 Rc7 25. Nc3 Rdc8 26. Nd5 Bxd5 27. exd5 b6 28. Rb1 h4 29. f3 Kf7 30. Bd3 Ke8 31. bxa5 bxa5 32. Rb6 Rxc4 33. Bxc4 Rxc4 34. Rdb1 Rc5 35. d6 Rd5 36. Rb8+ Kf7 37. dxe7 Kxe7 38. R1b7+ Ke6 39. Ra7 Nc6 40. Rb6 Kd6 41. Raa6 Rc5 42. a4 Kc7 43. Rb5 Rc4 44. Rbxa5 Nxa5 45. Rxa5 Rc6 46. Rb5 Kd6 47. Rb4 Rc2 48. Rb8 Ra2 49. Ra8 Ke6 50. Kh2 Kf5 51. a5 Kf4 52. Rf8 f5 53. Ra8 e4 54. fxe4 Kxe4 55. a6 Kf4 56. a7 Ra3 57. Rb8 Rxa7 58. Rb4+ Ke3 59. Rb3+ Ke4 60. Rb4+ Kd3 61. Rb3+ Kd4 62. Rb4+ Kc5 63. Rb8 Rg7 64. Rf8 f4 65. Rc8+ Kd5 66. Rd8+ Ke4 67. Re8+ Kd3 68. Rb8 Rg6 69. Rb3+ Ke4 70. Rb4+ Ke3 71. Rb3+ Kd4 72. Rb4+ Kc3 73. Rb8 Re6 74. Rg8 Re5 75. Rb8 Kd3 76. Rb3+ Kc2 77. Rb8 Re3 78. Rd8 Rd3 79. Rg8 Rd5 80. Ra8 Kd3 81. Ra3+ Ke4 82. Ra4+ Kf5 83. Ra8 Ke4 84. Re8+ Re5 85. Ra8 Kf5 86. Rf8+ Kg6 87. Ra8 Re6 88. Ra5 Kf6 89. Kg1 Re2 90. Kf1 Re3 91. Kf2 Re5 92. Ra6+ Kf5 93. Ra8 Rb5 94. Rf8+ Ke4 95. Re8+ Re5 96. Ra8 Rd5 97. Re8+ Kf5 98. Rf8+ Kg6 99. Rg8+ Kf6 100. Rf8+ Kg7 101. Ra8 Rd3 102. Ra7+ Kf6 103. Ra6+ Kf5 104. Ra8 Kg6 105. Rg8+ Kh6 106. Ra8 Rb3 107. Rh8+ Kg7 108. Ra8 Kg6 109. Rg8+ Kf6 110. Rf8+ Ke7 111. Rg8 Rb5 112. Ra8 Kf7 113. Ra7+ Kf6 114. Ra8 Kf5 1/2-1/2


[Site "https://www.chess.com"]

[Event "Titled Tuesday Blitz June 07 Early 2022"]
[White "Kamsky, Gata"]
[Black "Jumabayev, Rinat"]
[WhiteFideId "2000024"]
[BlackFideId "13702661"]
[WhiteElo "2645"]
[BlackElo "2561"]
[Result "1/2-1/2"]
[Round "11"]
[TimeControl "180+1"]
[Date "2022.06.07"]
[WhiteClock "0:00:07"]
[BlackClock "0:00:03"]

1. d4 Nf6 2. Nf3 e6 3. Bf4 b6 4. e3 Nh5 5. Bg3 Bb7 6. a4 a6 7. Nbd2 d6 8. Bd3 Be7 9. O-O Nd7 10. e4 Nxg3 11. hxg3 O-O 12. c3 e5 13. Re1 g6 14. Nc4 Bf6 15. Ne3 Bg7 16. Qc2 Re8 17. Rad1 exd4 18. cxd4 c5 19. d5 Qc7 20. b3 Re7 21. g4 Rae8 22. g5 b5 23. axb5 axb5 24. Ng4 Ba6 25. Qc1 c4 26. b4 Bc8 27. Bc2 Kh8 28. Qf4 Rf8 29. Nf6 h5 30. g4 Ne5 31. gxh5 Nxf3+ 32. Qxf3 Re5 33. Qf4 Qe7 34. Qh4 Rxg5+ 35. Qxg5 Qxf6 36. Qxf6 Bxf6 37. hxg6 fxg6 38. Re3 Be5 39. Kg2 Kg7 40. Ra3 Bg4 41. Rh1 Rf7 42. f3 Bh5 43. Rf1 Kh6 44. Ra5 Kg5 45. Rxb5 Kf4 46. Ra5 Ke3 47. Ra3+ Kf4 48. b5 c3 49. b6 Rb7 50. Rb3 Bd4 51. Rb4 Bc5 52. Rb3 Bd4 53. Rb4 Bc5 54. Rb3 Bd4 1/2-1/2


[Site "https://www.chess.com"]

[Event "Titled Tuesday Blitz June 07 Early 2022"]
[White "Khoroshev, Nikita"]
[Black "Bortnyk, Mykola"]
[WhiteFideId "14200287"]
[BlackFideId "14120836"]
[WhiteElo "2354"]
[BlackElo "2582"]
[Result "0-1"]
[Round "11"]
[TimeControl "180+1"]
[Date "2022.06.07"]
[WhiteClock "0:00:13"]
[BlackClock "0:00:19"]

1. e4 Nf6 2. e5 Nd5 3. d4 d6 4. Nf3 dxe5 5. Nxe5 c6 6. Bc4 Bf5 7. O-O Nd7 8. Re1 e6 9. Bb3 Nxe5 10. dxe5 Bc5 11. Qf3 a5 12. a4 Qb6 13. Nd2 O-O 14. Ne4 Bd4 15. Nd6 Bg6 16. h4 Rad8 17. Nc4 Qa7 18. Re2 f6 19. c3 fxe5 20. Qg3 Nf4 21. Bxf4 exf4 22. Qf3 Bc5 23. Ne5 Bf5 24. Rae1 Kh8 25. h5 Qb6 26. Bc2 Bxc2 27. Rxc2 Qb3 28. Rce2 Qxa4 29. h6 g6 30. Nd3 Qc4 31. Nxc5 Qxc5 32. Rxe6 Qg5 33. Re7 Qxh6 34. c4 g5 35. R1e6 Rf6 36. Qc3 Rd1+ 37. Re1 Rxe1+ 38. Qxe1 b6 39. Qe5 Kg8 40. Qc7 Rf8 41. Qxb6 Qf6 42. Qb7 f3 43. gxf3 Qg6 44. Qd7 Rxf3 45. Re6 Rf6 46. Qd8+ Kg7 47. Re7+ Kh6 48. Re3 Qf5 49. Qd2 Kg6 50. Rg3 h5 51. Qd4 h4 52. Rg2 h3 53. Rh2 g4 0-1


[Site "https://www.chess.com"]

[Event "Titled Tuesday Blitz June 07 Early 2022"]
[White "Korchmar, Vasiliy"]
[Black "Makarian, Rudik"]
[WhiteFideId "24131750"]
[BlackFideId "44105681"]
[WhiteElo "2370"]
[BlackElo "2398"]
[Result "0-1"]
[Round "11"]
[TimeControl "180+1"]
[Date "2022.06.07"]
[WhiteClock "0:00:01"]
[BlackClock "0:00:46"]

1. e4 c6 2. d4 d5 3. e5 c5 4. dxc5 e6 5. Be3 Nc6 6. Bb5 Ne7 7. c3 Bd7 8. Nf3 Nxe5 9. a4 Nxf3+ 10. Qxf3 Nc6 11. Qg3 a6 12. Bd3 g6 13. h4 h5 14. Nd2 Bg7 15. Nf3 e5 16. Bxg6 fxg6 17. Qxg6+ Kf8 18. Ng5 Qf6 19. Nh7+ Rxh7 20. Qxh7 Qf5 21. Qxf5+ Bxf5 22. Bg5 d4 23. cxd4 exd4 24. O-O d3 25. Rad1 Re8 26. Rfe1 Re2 27. Rxe2 dxe2 28. Re1 Bd3 0-1


[Site "https://www.chess.com"]

[Event "Titled Tuesday Blitz June 07 Early 2022"]
[White "Kosteniuk, Alexandra"]
[Black "Vasquez Schroeder, Rodrigo"]
[WhiteFideId "4128125"]
[BlackFideId "3400042"]
[WhiteElo "2469"]
[BlackElo "2567"]
[Result "1-0"]
[Round "11"]
[TimeControl "180+1"]
[Date "2022.06.07"]
[WhiteClock "0:00:15"]
[BlackClock "0:00:09"]

1. e4 c5 2. Nf3 d6 3. Bb5+ Nc6 4. O-O Bd7 5. c3 Nf6 6. Re1 a6 7. Bc4 b5 8. Bf1 Bg4 9. a4 Rb8 10. axb5 axb5 11. Na3 b4 12. Nc4 bxc3 13. bxc3 e5 14. Ne3 Bd7 15. d4 cxd4 16. cxd4 Be7 17. Nd5 Nxd5 18. exd5 Nxd4 19. Nxd4 exd4 20. Bg5 f6 21. Bf4 O-O 22. Qxd4 Re8 23. Bd3 Bf8 24. h4 Rxe1+ 25. Rxe1 Qb6 26. Qe4 g6 27. Qf3 Re8 28. Be3 Qb4 29. Rb1 Qxh4 30. Rb7 Bc8 31. Rc7 f5 32. Bb5 Qd8 33. Ra7 Re4 34. Bc6 Re7 35. Ra8 Qc7 36. Bg5 Re1+ 37. Kh2 Be7 38. Qc3 Re4 39. Bxe7 Rxe7 40. Qb4 Kg7 41. Qb2+ Kh6 42. Qf6 Bb7 43. Ra3 1-0


[Site "https://www.chess.com"]

[Event "Titled Tuesday Blitz June 07 Early 2022"]
[White "Kozak, Adam"]
[Black "Shipov, Sergei"]
[WhiteFideId "753246"]
[BlackFideId "4113624"]
[WhiteElo "2459"]
[BlackElo "2780"]
[Result "1-0"]
[Round "11"]
[TimeControl "180+1"]
[Date "2022.06.07"]
[WhiteClock "0:00:48"]
[BlackClock "0:00:14"]

1. Nf3 Nf6 2. c4 c5 3. g3 b6 4. Bg2 Bb7 5. O-O e6 6. Nc3 Be7 7. b3 O-O 8. Bb2 d6 9. e3 Nbd7 10. d4 Ne4 11. Qc2 Nxc3 12. Bxc3 Nf6 13. Rad1 Qc7 14. Ne1 Bxg2 15. Nxg2 a6 16. d5 exd5 17. Bxf6 Bxf6 18. Rxd5 b5 19. Rd2 Be5 20. Nh4 bxc4 21. bxc4 Rab8 22. Qd3 Rb6 23. Nf3 Bf6 24. Rfd1 g6 25. Qd5 Rfb8 26. Kg2 Qe7 27. Rc2 Qe6 28. Rcd2 Be7 29. Ne1 Rb4 30. Rc2 Rb2 31. Qd3 R8b4 32. Rdd2 Rb1 33. Nf3 a5 34. Ng1 Rb6 35. Ne2 Bf6 36. Nf4 Qe5 37. Nd5 Rc6 38. Rc3 Bg7 39. Qxb1 1-0


[Site "https://www.chess.com"]

[Event "Titled Tuesday Blitz June 07 Early 2022"]
[White "Lagno, Kateryna"]
[Black "Richter, Nils"]
[WhiteFideId "14109336"]
[BlackFideId "12990809"]
[WhiteElo "2522"]
[BlackElo "2311"]
[Result "1/2-1/2"]
[Round "11"]
[TimeControl "180+1"]
[Date "2022.06.07"]
[WhiteClock "0:00:21"]
[BlackClock "0:00:20"]

1. e4 c5 2. Nf3 d6 3. d4 cxd4 4. Nxd4 Nf6 5. Nc3 a6 6. Be2 e5 7. Nb3 Be6 8. Be3 Be7 9. Nd5 Bxd5 10. exd5 Nbd7 11. O-O O-O 12. Qd3 Rc8 13. Rac1 Qc7 14. Bd2 b6 15. Qxa6 Nxd5 16. Bf3 N5f6 17. Qb7 Qd8 18. c4 e4 19. Be2 Nc5 20. Nxc5 bxc5 21. Bc3 Rb8 22. Qc6 Rb6 23. Qa4 Nd7 24. Ba5 Bg5 25. Rc2 Qa8 26. Qxd7 Qxa5 27. Qf5 Bf6 28. b3 Re8 29. Rd1 Qa8 30. g3 e3 31. f4 Ra6 32. Bd3 Rxa2 33. Qxh7+ Kf8 34. Be2 Rxc2 35. Qxc2 Bd4 36. Qh7 Qa2 37. Kf1 Qxb3 38. Rb1 Bb2 39. Qh8+ Ke7 40. Qxg7 Bxg7 41. Rxb3 Bd4 42. Kg2 Ra8 43. Kf3 Ra7 44. h4 Kf6 45. g4 Ra1 46. h5 Rh1 47. g5+ Kf5 48. Bd3+ Ke6 49. Rb8 Rxh5 50. Re8+ Kd7 51. Rf8 Ke7 52. Rb8 Rh2 53. Rb7+ Kf8 54. Rb1 Rf2+ 55. Ke4 Kg7 56. Re1 Rd2 57. Re2 Rd1 58. Rh2 Rg1 59. Be2 Rg3 60. Kf5 f6 61. gxf6+ Bxf6 62. Ke6 Bd4 63. f5 Rg5 64. Rh3 Rg1 65. Rh2 Kf8 66. Kxd6 Kf7 67. Kd5 Kf6 68. Ke4 Rg5 69. Rh6+ Kg7 70. Rh2 Kf7 71. Kf3 Rg1 72. Ke4 Kf6 73. Rh6+ Kg7 74. Rg6+ Rxg6 75. fxg6 Kxg6 76. Kd3 Kg5 77. Ke4 Kh4 78. Kf3 Kg5 79. Bd3 Kf6 80. Be2 Ke7 81. Bd3 Kd7 82. Be2 Kc7 83. Bd3 Kb6 84. Be2 Ka6 85. Bd3 Ka5 86. Be2 Kb4 87. Ke4 Kc3 88. Kf3 Kd2 89. Bf1 Ke1 90. Be2 Kd2 91. Bf1 Kd1 92. Be2+ Ke1 93. Bd3 Kd2 94. Be2 Kc3 95. Ke4 Kb4 96. Kf3 Ka5 97. Ke4 Kb6 98. Kf3 Kc7 99. Ke4 Kd8 100. Kf3 Ke7 101. Ke4 Kf6 102. Kf3 Kg5 103. Bd3 Kh4 104. Be2 Kh3 105. Bd3 Kh2 106. Be2 Kh3 107. Bd3 Kh4 108. Be2 1/2-1/2


[Site "https://www.chess.com"]

[Event "Titled Tuesday Blitz June 07 Early 2022"]
[White "Lazavik, Denis"]
[Black "Dubov, Daniil"]
[WhiteFideId "13515110"]
[BlackFideId "24126055"]
[WhiteElo "2437"]
[BlackElo "2791"]
[Result "1/2-1/2"]
[Round "11"]
[TimeControl "180+1"]
[Date "2022.06.07"]
[WhiteClock "0:00:04"]
[BlackClock "0:00:03"]

1. d4 Nf6 2. c4 e6 3. Nf3 d5 4. Nc3 c6 5. e3 Nbd7 6. Qc2 Bd6 7. b3 O-O 8. Be2 Re8 9. O-O dxc4 10. bxc4 e5 11. Rd1 exd4 12. exd4 Nf8 13. Rb1 Ng6 14. h3 Qc7 15. Bg5 Nh5 16. Bf1 Nhf4 17. Re1 Bd7 18. c5 Bf8 19. Bc4 Be6 20. Bxe6 Nxe6 21. Be3 Rad8 22. Qb3 Rd7 23. Red1 Red8 24. g3 Be7 25. Kg2 h6 26. h4 Bf6 27. d5 cxd5 28. Nxd5 Qc6 29. Nxf6+ gxf6 30. Rxd7 Rxd7 31. Qb5 Qd5 32. c6 Qxb5 33. Rxb5 bxc6 34. Ra5 c5 35. Bxc5 Nxc5 36. Rxc5 Nf8 37. h5 Ne6 38. Ra5 Rc7 39. Nh4 Ng7 40. g4 Kf8 41. Ra6 Ke7 42. Kg3 Rb7 43. f3 Rc7 44. Kf2 Rb7 45. Ke3 Rc7 46. a3 Rb7 47. Ke4 Rc7 48. Nf5+ Nxf5 49. Kxf5 Rc5+ 50. Kf4 Rc4+ 51. Ke3 Rc7 52. a4 Rb7 53. a5 Rc7 54. Ke4 Rd7 55. Rc6 Rb7 56. a6 Rb4+ 57. Ke3 Ra4 58. Rc7+ Ke6 59. Rxa7 f5 60. gxf5+ Kf6 61. Kd3 Kg5 62. Kc3 Kxh5 63. Kb3 Ra1 64. Kb4 Kg5 65. Kb5 Rb1+ 66. Kc5 Ra1 67. f4+ Kxf4 68. f6 Kf5 69. Kb5 Rb1+ 70. Kc5 Ra1 71. Kb5 Rb1+ 72. Kc5 Ra1 1/2-1/2


[Site "https://www.chess.com"]

[Event "Titled Tuesday Blitz June 07 Early 2022"]
[White "Le, Tuan Minh"]
[Black "Xiong, Jeffery"]
[WhiteFideId "12401153"]
[BlackFideId "2047640"]
[WhiteElo "2530"]
[BlackElo "2714"]
[Result "1/2-1/2"]
[Round "11"]
[TimeControl "180+1"]
[Date "2022.06.07"]
[WhiteClock "0:00:20"]
[BlackClock "0:00:59"]

1. d4 d5 2. Nf3 Nf6 3. Bf4 Bf5 4. c4 e6 5. Nc3 dxc4 6. e3 Nd5 7. Bxc4 Nxf4 8. exf4 c6 9. O-O Nd7 10. h3 Be7 11. Bd3 Bxd3 12. Qxd3 O-O 13. f5 exf5 14. Qxf5 Re8 15. Rfe1 Nf6 16. Rad1 Qb6 17. Re2 Bf8 18. Rde1 h6 19. Qc2 Rxe2 20. Rxe2 Re8 21. Rxe8 Nxe8 22. d5 Nf6 23. dxc6 Qxc6 24. Qb3 Bc5 25. Ne5 Qc7 26. Nd3 Bd4 27. Nb5 Qd7 28. Nxd4 Qxd4 29. Qc2 g6 30. Ne1 Ne4 31. Nf3 Qd5 32. a3 a5 33. h4 Kg7 34. Qe2 g5 35. hxg5 hxg5 36. g3 Kf8 37. Qe3 Kg7 38. Nd4 g4 39. Qd3 Kf6 40. Qe3 Ng5 41. Kf1 Qc4+ 42. Kg2 Qd5+ 43. Kf1 Qc4+ 44. Kg2 Qd5+ 45. Kf1 1/2-1/2


[Site "https://www.chess.com"]